 Dungeon Crawl Stone Soup version 0.26.1-11-gd32895ea62 (webtiles) character file.

Game seed: 5216639272350372992

3632 gambatte the Cleaver (level 10, 0/82 (86) HPs)
             Began as a Hill Orc Fighter on May 30, 2021.
             Was a Believer of Okawaru.
             Slain by a wolf (6 damage)
             ... led by Grum
             ... on level 9 of the Dungeon on May 31, 2021.
             The game lasted 01:33:11 (9462 turns).

gambatte the Cleaver (Hill Orc Fighter)             Turns: 9462, Time: 01:33:12

HP:   0/82 (86)     AC: 12    Str: 27    XL:     10   Next: 11%
MP:   10/10         EV:  8    Int:  8    God:    Okawaru [**....]
Gold: 501           SH:  0    Dex: 12    Spells: 9/9 levels left

rFire    . . .     SeeInvis .   a - +0 war axe
rCold    . . .     Faith    .   c - +0 kite shield
rNeg     . . .     Spirit   .   u - +1 scale mail {rPois}
rPois    +         Reflect  .   (no helmet)
rElec    .         Harm     .   O - scarf {+Inv}
rCorr    .         Rampage  .   (no gloves)
Will     .....                  (no boots)
Stlth    ..........             (no amulet)
HPRegen  0.23/turn              e - +4 ring of protection
MPRegen  0.12/turn              H - +6 ring of strength

@: confused, mighty, lightly drained
A: no striking features
a: Renounce Religion, Evoke Invisibility, Heroism


You were on level 9 of the Dungeon.
You worshipped Okawaru.
Okawaru was pleased with you.
You visited 2 branches of the dungeon, and saw 10 of its levels.

You collected 501 gold pieces.

Inventory:

Hand Weapons
 a - a +0 war axe (weapon)
 f - a +0 shortbow
 q - a +0 flail
 s - a +0 whip
 J - a +2 short sword of freezing
 M - a +0 long sword
 P - a +0 falchion
 U - a +0 glaive of venom
 V - a +2 short sword of draining
Missiles
 k - 26 sling bullets
 l - 228 stones
 m - 31 poisoned darts
 L - 23 bolts
 Q - 62 arrows
 S - 4 curare-tipped darts
 Z - 13 boomerangs (quivered)
Armour
 c - a +0 kite shield (worn)
 p - a +0 plate armour
 u - a +1 scale mail of poison resistance (worn)
 K - a +4 ring mail
 O - a scarf of invisibility (worn)
Jewellery
 e - a +4 ring of protection (left hand)
 H - a +6 ring of strength (right hand)
Wands
 v - a wand of iceblast (5)
 z - a wand of polymorph (5)
 C - a wand of acid (7)
Scrolls
 g - 4 scrolls of amnesia {unknown}
 h - 3 scrolls of enchant weapon
 o - 3 scrolls of remove curse
 t - a scroll of fear {unknown}
 w - 2 scrolls of magic mapping {unknown}
 x - a scroll of torment {unknown}
 y - 2 scrolls of identify
 E - a scroll of fog {unknown}
 F - 8 scrolls of teleportation {unknown}
 T - a scroll of immolation {unknown}
 W - a scroll of enchant armour {unknown}
 X - 3 scrolls of noise {unknown}
 Y - a scroll of blinking {unknown}
Potions
 b - 2 potions of ambrosia
 i - 2 potions of degeneration {unknown}
 n - a potion of resistance {unknown}
 r - 2 potions of flight {unknown}
 A - a potion of heal wounds {unknown}
 B - a potion of mutation {unknown}
 D - a potion of lignification {unknown}
 G - a potion of magic {unknown}
 I - 2 potions of attraction {unknown}


   Skills:
 + Level 7.3 Fighting
 + Level 0.4 Long Blades
 + Level 10.9 Axes
 + Level 5.9 Throwing
 + Level 6.6 Armour
 - Level 0.4 Stealth
 + Level 7.0 Shields


You had 9 spell levels left.
You didn't know any spells.
Your spell library was empty.

Dungeon Overview and Level Annotations

Branches:
Dungeon (9/15)             Temple (1/1) D:4
   Lair: D:8-11         Orc: D:9-12

Altars:
Ashenzari
Cheibriados
Dithmenos
Elyvilon
Fedhas
Gozag
Hepliaklqana
Kikubaaqudgha
Makhleb
Nemelex Xobeh
Okawaru
Qazlal
Ru
Sif Muna
Trog
Uskayaw
Vehumet
Wu Jian
Xom
Yredelemnul
Zin
The Shining One

Shops:
D:4 (   D:6 [   D:8 [   D:9 [

Annotations:
D:9 Grum


Message History

The wolf bites you but does no damage.
You feel better. You block the wolf's attack. The wolf misses you.
The wolf bites you!
* * * LOW HITPOINT WARNING * * *
You block the wolf's attack. The wolf bites you.
* * * LOW HITPOINT WARNING * * *
You feel like a meek peon again. The wolf bites you but does no damage.
The wolf bites you but does no damage. You block the wolf's attack.
The wolf bites you but does no damage. x2
You block the wolf's attack. The wolf bites you.
* * * LOW HITPOINT WARNING * * *
You block the wolf's attack.
It was a potion of ambrosia.
You are confused.
You feel invigorated. The wolf bites you but does no damage.
The wolf bites you.
You die...

#################################
.................................
..#...#.........[............#...
......#..#......................#
...........###..............###).
.......##### #..............# ###
..####.# #..hh.g......#.#
.......#######..@########.#.#
.................'......#.#.#
.#....#.....#....#......#.#.#
...............#.#......#.#.#
...###########...#####..#.#.#
.).# #...#####'##...# .#)#
####†..#......#.. .#.#####
#......#......## .......#
#......#.......#


You could see Grum and 2 wolves.

Vanquished Creatures
  A wyvern (D:7)
  A water moccasin (D:7)
  2 ice beasts
  An orc warrior (D:7)
  4 ogres
  A phantom (D:8)
  2 wolves (D:9)
  2 centaurs
  A big kobold (D:7)
  3 bullfrogs
  A gnoll sergeant (D:5)
  5 scorpions
  A wight (D:8)
  6 killer bees (D:7)
  6 howler monkeys
  2 centaur zombies
  3 orc priests
  2 jellies (D:7)
  2 hounds
  A bullfrog skeleton (D:8)
  2 centaur skeletons (D:7)
  6 worker ants
  Jessica (D:6)
  An iguana (D:8)
  Terence (D:2)
  7 orc wizards
  2 hound zombies
  A hound skeleton (D:6)
  9 gnolls
  13 adders
  3 shadow imps
  4 white imps
  An ufetubus (D:6)
  An adder skeleton (D:8)
  An adder zombie (D:6)
  4 worms
  A dart slug (D:2)
  5 leopard geckos
  43 orcs
  2 ball pythons
  5 giant cockroaches
  5 goblins
  6 hobgoblins
  9 jackals
  4 quokkas
  9 bats
  4 frilled lizards
  A giant cockroach zombie (D:6)
  A jackal skeleton (D:4)
  14 kobolds
  A leopard gecko zombie (D:7)
  A quokka skeleton (D:7)
  A quokka zombie (D:5)
  10 rats
226 creatures vanquished.

Vanquished Creatures (others)
  A goblin (D:1)
  3 plants (D:9)
4 creatures vanquished.

Grand Total: 230 creatures vanquished

Notes
Turn   | Place    | Note
-------+----------+-------------------------------------------
     0 | D:1      | gambatte the Hill Orc Fighter began the quest for the Orb.
     0 | D:1      | Reached XP level 1. HP: 19/19 MP: 1/1
   209 | D:1      | Reached XP level 2. HP: 27/27 MP: 2/2
   571 | D:1      | Reached skill level 3 in Axes
   621 | D:1      | Reached XP level 3. HP: 33/33 MP: 3/3
   886 | D:2      | Reached XP level 4. HP: 34/40 MP: 4/4
  1059 | D:2      | Noticed an air elemental
  1073 | D:2      | Reached skill level 4 in Axes
  1211 | D:2      | Found a white marble altar of Elyvilon.
  1264 | D:2      | Noticed Terence
  1294 | D:2      | Killed Terence
  1295 | D:2      | Reached XP level 5. HP: 30/47 MP: 5/5
  1441 | D:2      | Found a stormy altar of Qazlal.
  1445 | D:2      | Noticed a water elemental
  1454 | D:2      | Noticed a fire elemental
  2466 | D:3      | Reached skill level 5 in Axes
  2622 | D:3      | Found a blossoming altar of Fedhas.
  3184 | D:4      | Reached skill level 1 in Throwing
  3184 | D:4      | Reached XP level 6. HP: 53/53 MP: 6/6
  3427 | D:4      | Reached skill level 6 in Axes
  3600 | D:4      | Reached XP level 7. HP: 42/60 MP: 7/7
  3663 | D:4      | Reached skill level 5 in Fighting
  3797 | D:4      | Found Godgh's Antique Weapon Emporium.
  3938 | D:4      | Found a staircase to the Ecumenical Temple.
  4369 | D:5      | Entered Level 5 of the Dungeon
  4378 | D:5      | Reached skill level 5 in Armour
  4608 | D:5      | Reached skill level 7 in Axes
  4651 | Temple   | Entered the Ecumenical Temple
  5305 | D:5      | Reached XP level 8. HP: 60/69 MP: 8/8
  5587 | D:5      | Found a shadowy altar of Dithmenos.
  5897 | D:6      | Reached skill level 8 in Axes
  6037 | D:6      | Reached skill level 5 in Shields
  6540 | D:6      | Noticed Jessica
  6541 | D:6      | Killed Jessica
  6548 | D:6      | Found a shimmering blue altar of Sif Muna.
  6605 | D:6      | Found Harari's Armour Shop.
  6716 | D:7      | Found an iron altar of Okawaru.
  6720 | D:7      | Found an ornate altar of the Wu Jian Council.
  6720 | D:7      | Found a sparkling altar of Nemelex Xobeh.
  6721 | D:7      | Found a glowing golden altar of the Shining One.
  6754 | D:7      | Became a worshipper of Warmaster Okawaru
  6937 | D:7      | Reached skill level 9 in Axes
  7005 | D:7      | Reached XP level 9. HP: 61/75 MP: 9/9
  7554 | D:7      | Reached * piety under Okawaru
  7623 | D:7      | Reached skill level 10 in Axes
  7804 | D:7      | Found a basalt altar of Yredelemnul.
  8377 | D:7      | Reached skill level 5 in Throwing
  8711 | D:8      | Reached ** piety under Okawaru
  8781 | D:8      | Got a distressingly furry scale mail
  8953 | D:8      | Found Jeatopeh's Antique Armour Emporium.
  8966 | D:8      | Identified the cursed +0 scale mail of Knowledge {MP+9
                  | Int+4 SInv Stlth+} (You found it on level 8 of the Dungeon)
  9171 | D:9      | Reached XP level 10. HP: 72/86 MP: 10/10
  9330 | D:9      | Found Odienoomm's Antique Armour Boutique.
  9350 | D:9      | Noticed Grum
  9452 | D:9      | HP: 2/82 [wolf[Grum] (5)]
  9459 | D:9      | HP: 1/82 [wolf[Grum] (2)]
  9462 | D:9      | Slain by a wolf

Illustrated notes

Levels and vault maps discovered:
D:1:      minmay_arrival_semitransparent, layout_loops_ring, lemuel_old_faithful
D:2:      layout_rooms, elyvilon_altar_3, nicolae_qazlal_style_of_elements,
          uniq_terence
D:3:      layout_basic, lemuel_doored_altar, kennysheep_donut
D:4:      layout_loops_ring, minmay_temple_entry_mini_moons, serial_shops,
          nicolae_shop_window_shopping
D:5:      layout_loops_ring, grunt_dithmenos_shadows, lightli_minifort
D:6:      layout_rooms, serial_shops, kennysheep_little_box, tgw_sif
D:7:      layout_basic, nicolae_overflow_hidden_temple,
          grunt_temple_overflow_open
D:8:      layout_rooms, serial_shops, kennysheep_mini, st_stairs_4,
          amethyst_killhole
D:9:      layout_stronghold, orc_0_dummy, serial_shops,
          nicolae_shop_overgrown_old_shop, enter_bailey_6, uniq_grum
Temple:   cyrus_circular_temple

Skill      XL: |  1  2  3  4  5  6  7  8  9 10 |
---------------+-------------------------------+-----
Fighting       | 4 5 6 7 |  7.3
Axes           | 3 4 5 6 7 9 10 | 10.9
Armour         | 4 5 6 |  6.6
Shields        | 4 5 6 7 |  7.0
Throwing       | 1 2 4 5 |  5.9
Long Blades    | |  0.4
Stealth        | |  0.4

Action                   |  1- 3 |  4- 6 |  7- 9 | 10-12 || total
-------------------------+-------+-------+-------+-------++-------
Melee: War axe           |   102 |   177 |   397 |    41 ||   717
       Falchion          |       |       |     3 |       ||     3
Throw: Stone             |     3 |    91 |     7 |       ||   101
       Boomerang         |       |       |   160 |       ||   160
Invok: Heroism           |       |       |     1 |     2 ||     3
Evoke: Wand              |       |       |       |     2 ||     2
  Use: Scroll            |       |     2 |     4 |       ||     6
       Potion            |       |       |       |     7 ||     7
Armor: Scale mail        |    49 |    73 |   176 |    30 ||   328
Dodge: Dodged            |    38 |    42 |   107 |    28 ||   215
Block: Kite shield       |    54 |    84 |   232 |    63 ||   433
